 Dungeon Crawl Stone Soup version 0.19.5 (webtiles) character file.

2377 Truffles the Basher (level 9, -1/79 HPs)
             Began as a Minotaur Berserker on Mar 24, 2017.
             Was a Priest of Trog.
             Slain by a two-headed ogre
             ... wielding a +0 giant club
              (3 damage)
             ... on level 10 of the Dungeon.
             The game lasted 00:26:08 (3884 turns).

Truffles the Basher (Minotaur Berserker)            Turns: 3884, Time: 00:26:09

Health: -1/79      AC: 20    Str: 24    XL:     9   Next: 21%
Magic:  17/17      EV: 11    Int:  5    God:    Trog [***...]
Gold:   47         SH:  0    Dex: 12    Spells: 0 memorised, 8 levels left

rFire  . . .     SeeInvis .     g - +5 mace (protect)
rCold  . . .     Gourm    .     o - +1 chain mail
rNeg   . . .     Faith    .     (no shield)
rPois  .         Spirit   .     (helmet restricted)
rElec  .         Reflect  .     (no cloak)
rCorr  .         Harm     .     (no gloves)
MR     .....     Rnd*Tele +     (no boots)
Stlth  ..........               m - amulet of rage
                                (no ring)
                                d - ring of magical power

@: protection aura
A: retaliatory headbutt, hooves 1, horns 2, icy blue scales 1, agile 1,
teleportitis 1
a: Berserk, Trog's Hand, Burn Spellbooks, Renounce Religion, Evoke Berserk Rage


You were on level 10 of the Dungeon.
You worshipped Trog.
Trog was most pleased with you.
You were full.

You visited 2 branches of the dungeon, and saw 11 of its levels.

You collected 242 gold pieces.
You spent 195 gold pieces at shops.

Inventory:

Hand Weapons
 a - a +0 mace
 g - a +5 mace of protection (weapon)
 h - a +4 quarterstaff of chaos
 j - a +2 whip of flaming
Armour
 b - a +0 animal skin
 e - a +0 leather armour
 f - a +0 leather armour
 o - a +1 chain mail (worn)
Jewellery
 d - a ring of magical power (left hand)
 m - an amulet of rage (around neck)
 t - a cursed ring of teleportation {unknown}
 w - a cursed ring of loudness {unknown}
Wands
 p - a wand of polymorph (20/24)
 s - a wand of slowing (11/48)
Scrolls
 i - 4 scrolls of magic mapping
 r - a scroll of identify
 x - a scroll of remove curse
Potions
 c - a potion of curing
 n - a potion of magic
 q - 2 potions of heal wounds
 z - a potion of flight {unknown}
Comestibles
 k - a bread ration
 u - 3 beef jerkies
 v - a meat ration


   Skills:
 + Level 7.5 Fighting
 + Level 10.1 Maces & Flails
 + Level 6.6 Armour
 + Level 6.5 Dodging
 + Level 0.8 Stealth


You had 8 spell levels left.
You didn't know any spells.

Dungeon Overview and Level Annotations

Branches:
Dungeon (10/15)            Temple (1/1) D:4
   Lair: D:8-11         Orc: D:9-12

Altars:
Cheibriados
Fedhas
Gozag
Hepliaklqana
Kikubaaqudgha
Makhleb
Okawaru
Ru
Uskayaw
Vehumet
Zin
The Shining One

Shops:
D:6 *

Annotations:
D:4 Blork the orc
D:10 Harold


Innate Abilities, Weirdness & Mutations

You reflexively headbutt those who attack you in melee.
You have a pair of horns on your head.
You have large cloven feet.
You are partially covered in icy blue scales. (AC +2)
You are agile. (Dex +2)
You are occasionally teleported next to monsters.


Message History

The two-headed ogre is moderately wounded.
The two-headed ogre closely misses you.
The two-headed ogre hits you but does no damage.
Harold gestures wildly while chanting.
Harold blinks!
Your chain mail prevents you from hitting the two-headed ogre.
You kick the two-headed ogre, but do no damage.
You headbutt the two-headed ogre!
The two-headed ogre is heavily wounded.
The two-headed ogre hits you with a giant club!
* * * LOW HITPOINT WARNING * * *
The two-headed ogre hits you with a giant club.
* * * LOW HITPOINT WARNING * * *
Things that are here:
an uncursed shortbow; 17 arrows You sock Harold!
You kick Harold, but do no damage. You headbutt Harold.
Harold is almost dead.
Harold misses you.
The two-headed ogre hits you with a giant club.
You die...

#####O....
......c.. ........
...... #...# #
######...#######.#
.................#
.......<(O........
##########@@......
####...######
#..((((.....#
#.####+####.# #


You could see Harold and a two-headed ogre.

Vanquished Creatures
  Pikel (D:5)
  The ghost of Truffles the Charlatan, an amateur DrAr of Vehumet (D:6)
  A hippogriff (D:9)
  Edmund (D:6)
  A porcupine (D:8)
  A sky beast (D:9)
  2 slaves (D:6)
  2 ice beasts (D:6)
  A centaur (D:10)
  A crocodile (D:8)
  A bullfrog (D:4)
  A scorpion (D:6)
  3 killer bees (D:9)
  3 wights (D:6)
  A howler monkey (D:6)
  A bullfrog zombie (D:9)
  2 crimson imps
  A jelly (D:6)
  An orc priest (D:9)
  Crazy Yiuf (D:2)
  A gnoll shaman (D:6)
  Jessica (D:2)
  2 iguanas (D:8)
  An orc wizard (D:6)
  2 worker ants
  Robin (D:3)
  3 adders
  3 gnolls (D:6)
  An ooze (D:2)
  3 adder skeletons
  A worm (D:4)
  2 dart slugs (D:1)
  3 leopard geckos
  10 orcs
  4 giant cockroaches
  11 goblins
  6 hobgoblins
  4 jackals (D:5)
  A quokka (D:2)
  5 bats
  2 frilled lizards
  3 kobolds
  6 rats
103 creatures vanquished.

Vanquished Creatures (others)
  A slave (D:6)
  An orc (D:6)
2 creatures vanquished.

Grand Total: 105 creatures vanquished

Notes
Turn   | Place    | Note
-------+----------+-------------------------------------------
     0 | D:1      | Truffles the Minotaur Berserker began the quest for the Orb.
     0 | D:1      | Reached XP level 1. HP: 19/19 MP: 0/0
   225 | D:1      | Reached XP level 2. HP: 27/27 MP: 1/1
   620 | D:2      | Noticed Jessica
   628 | D:2      | Reached skill level 4 in Maces & Flails
   628 | D:2      | Reached XP level 3. HP: 30/34 MP: 2/2
   632 | D:2      | Killed Jessica
   640 | D:2      | Reached ** piety under Trog
   840 | D:2      | Found a burning altar of Makhleb.
   892 | D:2      | Found a sacrificial altar of Ru.
   919 | D:2      | Reached XP level 4. HP: 36/41 MP: 3/3
   998 | D:2      | Found a runed door.
  1002 | D:2      | Noticed Crazy Yiuf
  1016 | D:2      | Killed Crazy Yiuf
  1292 | D:3      | Noticed Robin
  1307 | D:3      | Killed Robin
  1309 | D:3      | Reached skill level 5 in Maces & Flails
  1530 | D:4      | Noticed a bullfrog
  1535 | D:4      | Killed a bullfrog
  1535 | D:4      | Reached skill level 5 in Fighting
  1535 | D:4      | Reached XP level 5. HP: 30/48 MP: 4/4
  1592 | D:4      | Gained mutation: Your mind is acute. (Int +2) [potion of mutation]
  1592 | D:4      | Lost mutation: Your mind is acute. (Int +2) [potion of mutation]
  1592 | D:4      | Gained mutation: You have large cloven feet. [potion of mutation]
  1596 | D:4      | Gained mutation: You are partially covered in icy blue scales. (AC +2) [potion of mutation]
  1596 | D:4      | Gained mutation: You are occasionally teleported next to monsters. [potion of mutation]
  1596 | D:4      | Gained mutation: You are agile. (Dex +2) [potion of mutation]
  1598 | D:4      | Found a staircase to the Ecumenical Temple.
  1669 | Temple   | Entered the Ecumenical Temple
  1783 | D:4      | Noticed Blork the orc
  1785 | D:5      | Entered Level 5 of the Dungeon
  1860 | D:5      | Reached skill level 6 in Maces & Flails
  1860 | D:5      | Reached XP level 6. HP: 26/56 MP: 5/5
  2168 | D:6      | Noticed a slave
  2169 | D:6      | Noticed a slave
  2182 | D:6      | Killed a slave
  2188 | D:6      | Killed a slave
  2270 | D:6      | Noticed a slave
  2426 | D:6      | Noticed Pikel
  2432 | D:6      | Noticed a slave
  2514 | D:5      | Killed Pikel
  2514 | D:5      | Reached skill level 7 in Maces & Flails
  2514 | D:5      | Reached XP level 7. HP: 23/62 MP: 6/6
  2818 | D:6      | Reached *** piety under Trog
  2818 | D:6      | Reached skill level 5 in Armour
  2821 | D:6      | Found Karch's General Store.
  2834 | D:6      | Reached skill level 5 in Dodging
  2848 | D:6      | Noticed Truffles's ghost (amateur DrAr)
  2860 | D:6      | Killed Truffles's ghost
  2860 | D:6      | Reached skill level 8 in Maces & Flails
  2860 | D:6      | Reached XP level 8. HP: 59/70 MP: 7/7
  3017 | D:6      | Noticed Edmund
  3026 | D:6      | Killed Edmund
  3026 | D:6      | Reached skill level 9 in Maces & Flails
  3151 | D:6      | Bought 2 scrolls of enchant weapon for 195 gold pieces
  3536 | D:9      | Reached XP level 9. HP: 79/79 MP: 8/8
  3600 | D:9      | Reached skill level 10 in Maces & Flails
  3853 | D:10     | Entered Level 10 of the Dungeon
  3864 | D:10     | Noticed Harold
  3883 | D:10     | HP: 2/79 [two-headed ogre/giant club (6)]
  3884 | D:10     | Slain by a two-headed ogre

Skill      XL: |  1  2  3  4  5  6  7  8  9 |
---------------+----------------------------+-----
Fighting       | 4 5 6 7 |  7.5
Maces & Flails | 4 5 6 7 8 9 10 | 10.1
Dodging        | 3 4 5 6 |  6.5
Armour         | 3 4 5 6 |  6.6
Stealth        | |  0.8

Action                   |  1- 3 |  4- 6 |  7- 9 || total
-------------------------+-------+-------+-------++-------
Melee: Mace              |    58 |   108 |   127 ||   293
       Headbutt          |    10 |    14 |    34 ||    58
       Kick              |       |    19 |    48 ||    67
Invok: Berserk           |       |     1 |       ||     1
  Use: Potion            |     4 |     4 |       ||     8
       Scroll            |     3 |     8 |     6 ||    17
  Eat: Bread ration      |     2 |       |     1 ||     3
       Fruit             |       |       |     2 ||     2
Armor: Leather armour    |    32 |    59 |    17 ||   108
       Skin              |     5 |       |       ||     5
       Chain mail        |       |       |    52 ||    52
Dodge: Dodged            |    52 |    94 |   122 ||   268
